 Dungeon Crawl Stone Soup version 0.31-a0-133-gaae73658be (console) character file.

Game seed: 7546734197060232937

12218 petzl the Thaumaturge (level 12, -1/132 HPs)
             Began as a Formicid Delver on June 2, 2023.
             Was a Priest of Vehumet.
             Slain by a skyshark (3 damage)
             ... on level 2 of the Lair of Beasts.
             The game lasted 01:08:49 (13569 turns).

petzl the Thaumaturge (Formicid Delver)            Turns: 13569, Time: 01:08:50

Health: -1/132     AC: 26    Str: 16    XL:     12   Next: 17%
Magic:  11/25      EV:  2    Int: 16    God:    Vehumet [***...]
Gold:   995        SH:  5    Dex: 15    Spells: 7/29 levels left

rFire   . . .        a - +1 quarterstaff (spect)
rCold   . . .        (no shield)
rNeg    . . .        s - melded +3 ring mail {rC+}
rPois   +            (helmet unavailable)
rElec   .            (cloak currently unavailable)
rCorr   .            j - melded +0 pair of gloves
SInv    .            (boots currently unavailable)
Will    +++..        H - amulet of reflection
Stlth   +++          h - ring of willpower
HPRegen 0.42/turn    u - ring of willpower
MPRegen 0.19/turn

%: reflection
@: tree-form
A: stationary, stasis, torment immunity, boosted hp, permanent stasis, dig
shafts and tunnels, (antennae 3), four strong arms
a: Renounce Religion


You were on level 2 of the Lair of Beasts.
You worshipped Vehumet.
Vehumet was most pleased with you.
You were a tree.
You visited 3 branches of the dungeon, and saw 19 of its levels.

You collected 997 gold pieces.
You spent 2 gold pieces at shops.

Inventory:

Hand Weapons
 a - a +1 spectral quarterstaff (weapon)
 b - a +1 shortbow of draining
 c - a +2 short sword of venom
 d - a +2 dagger of protection {!f =f}
 x - a -1 hand crossbow
 F - a -2 triple crossbow
 N - a +1 heavy flail
 T - a +1 dagger of electrocution {!f =f}
Missiles
 w - 18 poisoned darts
Armour
 e - a +2 robe of willpower
 j - a +0 pair of gloves (melded)
 k - a +0 leather armour
 n - a +0 troll leather armour
 s - a +3 ring mail of cold resistance (melded)
Jewellery
 h - a ring of willpower (left branch)
 i - a ring of magical power
 u - a ring of willpower (right branch)
 v - a ring of ice
 B - a +6 ring of intelligence
 C - an amulet of regeneration
 H - an amulet of reflection (around neck)
 M - a +5 ring of evasion
 Q - a +4 ring of protection
 V - a ring of protection from cold
Wands
 f - a wand of digging (3)
 G - a wand of charming (11)
 I - a wand of roots (1)
 L - a wand of light (2)
Scrolls
 g - 5 scrolls of fog
 l - 4 scrolls of amnesia
 p - 2 scrolls of enchant armour
 y - 3 scrolls of magic mapping
 A - a scroll of poison
 E - 2 scrolls of vulnerability
 K - a scroll of fear
 O - 2 scrolls of immolation
 U - 2 scrolls of enchant weapon
Potions
 m - a potion of attraction {unknown}
 o - 2 potions of cancellation
 q - a potion of resistance {unknown}
 r - a potion of ambrosia {unknown}
 t - a potion of heal wounds {unknown}
 z - 2 potions of lignification
 D - 2 potions of enlightenment
 J - 2 potions of mutation {unknown}
 P - a potion of curing
 R - 3 potions of might
 S - a potion of berserk rage {unknown}


   Skills:
 - Level 6.0 Fighting
 - Level 2.0(2.1) Maces & Flails
 - Level 1.0(1.6) Staves
 - Level 1.4 Ranged Weapons
 - Level 1.2 Armour
 - Level 2.1 Dodging
 - Level 6.3 Stealth
 + Level 9.2 Spellcasting
 + Level 7.9 Conjurations
 + Level 3.7 Translocations
 + Level 5.4 Transmutations
 - Level 8.0 Fire Magic
 - Level 3.0 Ice Magic
 + Level 2.5 Air Magic
 * Level 6.2 Poison Magic
 - Level 1.1 Evocations


You had 7 spell levels left.
You knew the following spells:

 Your Spells              Type           Power      Damage    Failure   Level
a - Iskenderun's Mystic   Conj/Tloc      26%        2d7       2%          4
b - Shock                 Conj/Air       96%        1d9       1%          1
d - Hailstorm             Conj/Ice       24%        3d7       1%          3
m - Mephitic Cloud        Conj/Pois/Air  25%        N/A       1%          3
s - Sticky Flame          Conj/Fire      32%        2d5       1%          4
I - Ignite Poison         Fire/Tmut/Pois 28%        N/A       1%          3
T - Olgreb's Toxic Radia  Pois           27%        N/A       2%          4

Your spell library contained the following spells:

 Spells                   Type           Power      Damage    Failure   Level
 Flame Wave               Conj/Fire      32%        2d9       1%          4
 Momentum Strike          Conj/Tloc      52%        3d9       1%          2
 Volatile Blastmotes      Fire/Tloc      52%        2d14      1%          3
 Lesser Beckoning         Tloc           38%        N/A       3%          2
 Fulminant Prism          Conj/Hex       10%        3d8       5%          4
 Ice Form                 Ice/Tmut       20%        N/A       17%         4
 Lee's Rapid Deconstruct  Erth           3%         3d5*      54%         5
 Cause Fear               Hex            3%         N/A       69%         4
 Leda's Liquefaction      Hex/Erth       3%         N/A       69%         4
 Simulacrum               Ice/Necr       6%         N/A       100%        6
 Ignition                 Fire           16%        3d6       99%         8
 Blink                    Tloc           Unusable   N/A       N/A         2

Dungeon Overview and Level Annotations

Branches:
Dungeon (13/15)            Temple (1/1) D:7            Lair (5/5) D:8
  Swamp: Lair:2-3    Shoals: Lair:2-3     Snake: Lair:2-3    Spider: Lair:2-3
  Slime: Lair:4-5       Orc: D:9-12      Vaults: D:13-14

Altars:
Ashenzari
Cheibriados
Elyvilon
Fedhas
Makhleb
Sif Muna
Vehumet
Wu Jian
Xom
Yredelemnul

Shops:
D:7 *

Annotations:
D:3 3 runed translucent doors, ytrimaz's ghost, amateur OgBe
D:5 exclusion: 2 downstairs
D:6 exclusion: 2 downstairs
D:7 exclusion: downstairs
D:8 Psyche
D:11 exclusion: cyclops
D:12 exclusions: 2 downstairs and two-headed ogre
Lair:1 exclusion: downstairs, Harold
Lair:2 exclusion: upstairs
Lair:3 exclusions: downstairs and 2 upstairs
Lair:4 exclusion: 2 downstairs


Innate Abilities, Weirdness & Mutations

You are a tree.
Your roots penetrate the ground, keeping you stationary.
You cannot be teleported.
You are immune to unholy pain and torment.
Your maximum health is greatly increased.
Your equipment is partially melded.
You cannot be hasted, slowed, berserked, paralysed or teleported.
You can dig through walls and to a lower floor.
((You have a pair of large antennae on your head. (SInv)))
Your four strong arms can wield two-handed weapons with a shield.


Message History

Unknown command.
Unknown command.
Casting: Mephitic Cloud (safe; 1% risk of failure)
Confirm with . or Enter, or press ? or * to list all spells.
Aiming: Sticky Flame (mildly dangerous; 1% risk of failure)
Press: ? - help, Shift-Dir - straight line, f - skyshark
Aim: a skyshark (moderately wounded, berserk)
The sticky flame hits the skyshark but does no damage.
The skyshark is moderately wounded.
The skyshark is covered in liquid flames!
The skyshark burns!
You block the skyshark's attack. The skyshark tail-slaps you!
* * * LOW HITPOINT WARNING * * *
The skyshark tail-slaps you but does no damage.
The skyshark bites you.
* * * LOW HITPOINT WARNING * * *
You block the skyshark's attack. The skyshark tail-slaps you!
* * * LOW HITPOINT WARNING * * *
Okay, then.
Unknown command.
Unknown command.
Unknown command.
Aiming: Bolt of Light
Press: ? - help, Shift-Dir - straight line, f/p - skyshark
Aim: a skyshark (heavily wounded, berserk, covered in liquid flames, 86% to hit)
Okay, then.
Casting: Sticky Flame (mildly dangerous; 1% risk of failure)
Confirm with . or Enter, or press ? or * to list all spells.
You erupt in a blast of force!
The mystic blast hits the skyshark!
The skyshark is heavily wounded.
The skyshark burns!
The skyshark bites you!
* * * LOW HITPOINT WARNING * * *
The skyshark tail-slaps you but does no damage. x2
Unknown command.
Okay, then.
It was a potion of curing.
You feel better.
The skyshark burns!
The skyshark bites you!
* * * LOW HITPOINT WARNING * * *
The skyshark tail-slaps you.
You die...

#........#. #.........#
.......P.## ....P.....#
.......#..# .......P..##
..........P# ####
..........## ###..#
...........# ##.#..##
....b......# ###..○...##
.b......#.P##
###.#.......#
......b.....#
#.#....°...##
.......{P..#####..l>....##
......[.#..###....♣.....##
..).........#...........P#
........#..##...........##
........##H##........k..#
.......†##..............#
.......###.......<.....##
..##...P##.............#
........##............##
.......###...........## .
.......PP.<.........## ..#
..........P##......##..#
..........####.k.....#
..........###.#.....##
...........P##.#...##
..............##.#.#
.............# ##.#.#
.............# #...
†.l....>.....# ).
...l.........P# ...


You could see a skyshark (berserk, burning) and a wind drake (repels missiles).

Vanquished Creatures
  An ugly thing (D:11)
  2 cane toads
  3 black mambas
  A rime drake (Lair:1)
  2 komodo dragons
  A polar bear (Lair:1)
  2 trolls
  9 blink frogs
  A vampire (D:11)
  10 yaks
  2 wyverns (Lair:3)
  2 basilisks
  Eustachio (D:5)
  A steam dragon (D:8)
  Edmund (D:6)
  8 water moccasins
  2 black bears
  3 orc warriors
  A sky beast (D:8)
  An ice beast (D:7)
  13 wolves
  An ogre (D:7)
  3 centaurs
  2 phantoms (D:5)
  2 kobold brigands
  6 bullfrogs
  A scorpion (D:5)
  A howler monkey (D:12)
  5 hounds
  A jelly (D:6)
  2 quasits (D:5)
  A gnoll bouda (D:5)
  6 orc priests
  4 iguanas
  Terence (D:3)
  8 orc wizards
  2 sleepcaps
  7 gnolls
  9 adders
  A white imp (D:7)
  An ufetubus (D:6)
  2 dart slugs
  26 orcs
  6 ball pythons
  10 bats
  7 endoplasms
  3 giant cockroaches
  8 goblins
  6 hobgoblins
  4 jackals (D:4)
  13 kobolds
  A quokka (D:2)
  A frilled lizard (D:1)
  5 rats
223 creatures vanquished.

Notes
Turn   | Place    | Note
-------+----------+-------------------------------------------
     0 | D:5      | petzl the Formicid Delver began the quest for the Orb.
     0 | D:5      | Reached XP level 1. HP: 18/18 MP: 1/1
     1 | D:6      | Noticed Edmund
    23 | D:5      | Noticed an iguana
    34 | D:5      | Noticed a gnoll bouda
    41 | D:5      | Noticed a scorpion
    66 | D:5      | Noticed a phantom
    95 | D:5      | You fall into a shaft and drop 3 floors!
   176 | D:7      | Noticed an ogre
   179 | D:6      | Noticed a hound
   184 | D:6      | Killed a hound
   185 | D:6      | Reached skill level 2 in Spellcasting
   185 | D:6      | Reached XP level 2. HP: 21/24 MP: 1/5
   185 | D:6      | Reached XP level 3. HP: 26/29 MP: 1/7
   231 | D:5      | Reached skill level 3 in Spellcasting
   231 | D:5      | Reached XP level 4. HP: 32/35 MP: 6/9
   239 | D:5      | Reached skill level 4 in Spellcasting
   422 | D:3      | Found a basalt altar of Yredelemnul.
   470 | D:3      | Noticed a black bear
   553 | D:3      | Reached XP level 5. HP: 40/41 MP: 11/11
   600 | D:1      | Found a faded altar of an unknown god.
  1274 | D:2      | Learned a level 4 spell: Sticky Flame
  1802 | D:2      | Reached skill level 1 in Staves
  1843 | D:2      | Found a blossoming altar of Fedhas.
  2511 | D:3      | Found a radiant altar of Vehumet.
  2521 | D:3      | Reached XP level 6. HP: 47/47 MP: 12/12
  2524 | D:3      | Reached skill level 1 in Ranged Weapons
  2644 | D:3      | Noticed Terence
  2652 | D:3      | Killed Terence
  2777 | D:3      | Reached skill level 1 in Fire Magic
  3214 | D:4      | Reached skill level 1 in Armour
  3271 | D:4      | Reached skill level 1 in Conjurations
  3439 | D:3      | Found a runed translucent gate.
  3439 | D:3      | Found a runed translucent gate.
  3443 | D:3      | Found a runed translucent gate.
  3444 | D:3      | Noticed ytrimaz's ghost (amateur OgBe)
  3518 | D:4      | Reached skill level 1 in Evocations
  3575 | D:4      | Reached XP level 7. HP: 44/52 MP: 13/13
  3616 | D:4      | Found a shimmering altar of Xom.
  3645 | D:4      | Learned a level 3 spell: Hailstorm
  3649 | D:4      | Learned a level 3 spell: Ignite Poison
  4000 | D:5      | Reached skill level 1 in Transmutations
  4164 | D:5      | Noticed Eustachio
  4746 | D:5      | Reached XP level 8. HP: 50/59 MP: 14/14
  4891 | D:5      | Found a burning altar of Makhleb.
  4897 | D:5      | Found a broken altar of Ashenzari.
  5096 | D:3      | Became a worshipper of Vehumet
  5711 | D:5      | Killed Eustachio
  5732 | D:5      | Reached skill level 5 in Spellcasting
  6277 | D:6      | Found a snail-covered altar of Cheibriados.
  6362 | D:6      | Killed Edmund
  6363 | D:6      | Reached XP level 9. HP: 60/64 MP: 17/17
  6725 | D:7      | Reached skill level 5 in Fire Magic
  6736 | D:7      | Reached skill level 1 in Ice Magic
  6769 | D:7      | Reached skill level 6 in Spellcasting
  6811 | D:7      | Found Iqit's Lightly-Used Armoury.
  6830 | D:7      | Bought a -1 hand crossbow for 1 gold piece
  6830 | D:7      | Bought a -2 triple crossbow for 1 gold piece
  6883 | D:7      | Reached * piety under Vehumet
  6883 | D:7      | Offered knowledge of Shock by Vehumet.
  6886 | D:7      | Learned a level 1 spell: Shock
  7084 | D:7      | Found a staircase to the Ecumenical Temple.
  7093 | Temple   | Entered the Ecumenical Temple
  7278 | D:7      | Found a shimmering blue altar of Sif Muna.
  7398 | D:8      | Reached skill level 5 in Conjurations
  7565 | D:8      | Noticed a death yak
  7713 | D:8      | Noticed a death yak
  7760 | D:8      | Noticed a death yak
  7764 | D:8      | You fall into a shaft and drop 1 floor!
  7773 | D:9      | Noticed a troll
  7786 | D:9      | Killed a troll
  7897 | D:10     | Entered Level 10 of the Dungeon
  7938 | D:10     | Reached XP level 10. HP: 63/70 MP: 15/20
  8100 | D:10     | Reached skill level 7 in Spellcasting
  8299 | D:11     | Found a radiant altar of Vehumet.
  8415 | D:13     | Noticed a +2 long sword
  8415 | D:13     | Noticed a gargoyle
  8517 | D:12     | Noticed a two-headed ogre
  8557 | D:13     | Noticed a cyclops
  8575 | D:12     | Found an ornate altar of the Wu Jian Council.
  8677 | D:11     | Noticed a cyclops
  8785 | D:11     | Noticed a komodo dragon
  8792 | D:11     | Killed a komodo dragon
  8886 | D:11     | Noticed a brown ugly thing
  8887 | D:11     | Noticed a manticore
  8921 | D:11     | Killed a brown ugly thing
  9242 | D:10     | Found a white marble altar of Elyvilon.
  9438 | D:8      | Found a staircase to the Lair.
  9466 | D:8      | Offered knowledge of Freeze by Vehumet.
  9467 | D:8      | Reached skill level 8 in Spellcasting
  9469 | Lair:1   | Entered Level 1 of the Lair of Beasts
  9495 | D:8      | Reached ** piety under Vehumet
  9599 | D:8      | Learned a level 4 spell: Iskenderun's Mystic Blast
  9934 | D:8      | Noticed Psyche
 10259 | D:8      | Reached skill level 1 in Poison Magic
 10357 | Lair:1   | Reached skill level 1 in Translocations
 10429 | Lair:1   | Reached XP level 11. HP: 27/77 MP: 12/23
 10770 | Lair:1   | Noticed a death yak
 10963 | Lair:2   | Noticed a skyshark
 10963 | Lair:2   | Noticed a skyshark
 10963 | Lair:2   | Noticed a manticore
 11045 | Lair:3   | Offered knowledge of Mephitic Cloud by Vehumet.
 11050 | Lair:3   | Learned a level 3 spell: Mephitic Cloud
 11435 | Lair:3   | Reached skill level 5 in Fighting
 11435 | Lair:3   | Reached skill level 1 in Air Magic
 11587 | Lair:3   | Got Zael Efa's Casting and You
 11593 | Lair:3   | Learned a level 4 spell: Olgreb's Toxic Radiance
 11913 | Lair:4   | Noticed a death yak
 11913 | Lair:4   | Noticed a death yak
 12184 | Lair:3   | Reached *** piety under Vehumet
 12224 | Lair:4   | Found a radiant altar of Vehumet.
 12282 | Lair:4   | Reached skill level 9 in Spellcasting
 12339 | Lair:4   | Reached skill level 5 in Transmutations
 12339 | Lair:4   | Reached skill level 5 in Poison Magic
 12485 | Lair:5   | Entered Level 5 of the Lair of Beasts
 12495 | Lair:4   | Reached XP level 12. HP: 49/87 MP: 22/25
 13069 | Lair:1   | Offered knowledge of Flame Wave by Vehumet.
 13299 | Lair:1   | Noticed Harold
 13307 | Lair:1   | You fall into a shaft and drop 1 floor!
 13310 | Lair:2   | You fall into a shaft and drop 1 floor!
 13569 | Lair:2   | HP: 2/132 [skyshark (14)]
 13569 | Lair:2   | Slain by a skyshark

Illustrated notes

Levels and vault maps discovered:
D:1:      ncdulo_watergridlock, layout_basic, shapermc_ecumenical_altar_pompeii
D:2:      layout_basic, serial_aquarium, aquarium_bridge_long_joined
          [aquarium_subvault_wall, aquarium_subvault_wall,
          aquarium_subvault_wall, aquarium_subvault_bridge,
          aquarium_subvault_wall, aquarium_subvault_wall],
          aquarium_bridge_square [aquarium_subvault_wall,
          aquarium_subvault_balcony, aquarium_subvault_bridge,
          aquarium_subvault_bridge], aquarium_window_1, aquarium_window_3,
          aquarium_view_2c, aquarium_balcony_3a, basic_altar, minivault_19,
          serial_bayou_lagoon_a, interstate_on_off, minmay_tromino_i2
D:3:      layout_basic, amcnicky_altar_gilded, mainiacjoe_overflow_catwalk,
          gammafunk_ghost_necromancy, uniq_terence
D:4:      layout_rooms, lemuel_tele_altar
D:5:      cheibrodos_quashed, layout_basic, nicolae_overflow_squiral,
          minmay_gold_behind_fungi, grunt_ministairs_6, uniq_eustachio
D:6:      layout_cave_pods, mainiacjoe_overflow_chevrons,
          nicolae_ossuary_entry_ruins, uniq_edmund
D:7:      layout_cave_pools, mainiacjoe_overflow_alcove_4, temple_hall,
          nicolae_benzene_ring, minmay_shop_damaged
D:8:      layout_basic, dpeg_lair_monsters, enter_bailey_3, uniq_psyche,
          uniq_amaemon
D:9:      layout_loops_ring, fedhas_ov_isle_minmay, david_orc_2
D:10:     layout_roguey, mainiacjoe_overflow_brackets, serial_shops,
          nicolae_shop_tiny_real_fake_doors
D:11:     layout_irregular_city, fiery_altar_vehumet
D:12:     layout_stronghold, nzn_wu_jian_council_hall
D:13:     layout_irregular_city, erik_vaults_1, uniq_erolcha
Temple:   nicolae_temple_bog_church
Lair:1:   layout_cave_pods, st_stairs_10, infiniplex_staircase_pool_2,
          lemuel_fruit_tree, uniq_harold
Lair:2:   beargit_carnivore_pack, layout_cave_pods, minmay_shoals_entry_beasts,
          spider_nest_entry_funnel_web, lemuel_fruit_fields, uniq_urug
Lair:3:   kb_forest_paths, layout_chaotic_city
Lair:4:   statuecave_lemuel, layout_cave_shapes, slime_entry_1, basic_altar,
          grunt_megastairs_4, serial_bayou_shore_b
Lair:5:   cheibrodos_lair_end_hotspot, layout_loops_ring, minivault_11

Skill      XL: |  1  2  3  4  5  6  7  8  9 10 11 12 |
---------------+-------------------------------------+-----
Spellcasting   | 2 3 4 5 6 8 9 |  9.2
Staves         | 1 |  1.0
Ranged Weapons | 1 |  1.4
Fire Magic     | 1 3 4 6 7 8 |  8.0
Dodging        | 2 |  2.1
Armour         | 1 |  1.2
Conjurations   | 1 2 4 5 7 |  7.9
Evocations     | 1 |  1.1
Transmutations | 2 3 5 |  5.4
Ice Magic      | 3 |  3.0
Poison Magic   | 2 5 6 |  6.2
Fighting       | 4 5 6 |  6.0
Translocations | 1 3 |  3.7
Air Magic      | 2 |  2.5
Maces & Flails | |  2.0
Stealth        | |  6.3

Action                     |  1- 3 |  4- 6 |  7- 9 | 10-12 || total
---------------------------+-------+-------+-------+-------++-------
  Melee: Quarterstaff      |     7 |    10 |    31 |    55 ||   103
         Short sword       |       |   159 |   222 |    60 ||   441
         Punch             |       |     1 |     6 |     1 ||     8
         Dagger            |       |       |    42 |     4 ||    46
   Fire: Sling             |       |   100 |    54 |       ||   154
         Shortbow          |       |       |    82 |   157 ||   239
   Cast: Sticky Flame      |       |       |     5 |    76 ||    81
         Mephitic Cloud    |       |       |       |    13 ||    13
         Hailstorm         |       |       |       |     3 ||     3
         Iskenderun's Myst |       |       |       |     1 ||     1
Ability: Shaft Self        |     1 |       |     1 |     2 ||     4
         Dig               |       |     1 |     4 |     1 ||     6
  Evoke: Wand              |       |       |     5 |     2 ||     7
    Use: Scroll            |       |       |     9 |     3 ||    12
         Potion            |       |       |     3 |     3 ||     6
   Stab: Sleeping          |     1 |    10 |       |     2 ||    13
         Distracted        |       |       |       |     1 ||     1
         Confused          |       |       |       |     1 ||     1
 Armour: Leather armour    |     2 |    13 |       |       ||    15
         Ring mail         |       |    62 |   145 |    52 ||   259
         Skin              |       |       |    21 |     5 ||    26
  Dodge: Dodged            |     8 |   128 |   242 |   146 ||   524
  Block: Other             |       |       |       |    47 ||    47

Table legend: (Time is in decaauts)
 A = Elapsed time spent in this place.
 B = Non-inter-level travel time spent in this place.
 C = Inter-level travel time spent in this place.
 D = Time resting spent in this place.
 E = Time spent auto-exploring this place.
 F = Levels seen in this place.
 G = Mean time per level.
                   A        B        C        D        E       F      G
               +--------+--------+--------+--------+--------+-----+--------+
         Total |  13684 |  12647 |   1037 |   2946 |   4475 |  19 |  720.2 |
       Dungeon |  10389 |   9577 |    812 |   1432 |   4086 |  13 |  799.2 |
        Temple |      1 |      1 |      0 |      0 |      0 |   1 |    1.0 |
          Lair |   3293 |   3068 |    225 |   1514 |    388 |   5 |  658.6 |
               +--------+--------+--------+--------+--------+-----+--------+

Top non-repeatable levels by time:
     D:5: 1680 daAuts
  Lair:3: 1634 daAuts
     D:2: 1289 daAuts
     D:3: 1257 daAuts
     D:8: 1142 daAuts
     D:6: 1075 daAuts
     D:7: 964 daAuts
  Lair:1: 826 daAuts
     D:4: 740 daAuts
  Lair:4: 643 daAuts
     D:1: 615 daAuts
    D:11: 577 daAuts
    D:10: 508 daAuts
    D:12: 326 daAuts
     D:9: 191 daAuts
